 Dungeon Crawl Stone Soup version 0.32-a0-738-g1a05c61809 (webtiles) character file.

Game seed: 8047507681535839654

189 Kenran the Ruffian (level 5, 0/38 HPs)
             Began as a Minotaur Alchemist on Mar 17, 2024.
             Was an Initiate of Wu Jian.
             Slain by a scorpion (2 damage)
             ... on level 4 of the Dungeon.
             The game lasted 00:05:13 (2573 turns).

Kenran the Ruffian (Minotaur Alchemist)             Turns: 2573, Time: 00:05:13

Health: 0/38       AC:  5    Str: 15    XL:     5   Next: 40%
Magic:  6/6        EV: 10    Int: 12    God:    Wu Jian [......]
Gold:   87         SH:  0    Dex: 10    Spells: 5/6 levels left

rFire   . .          .
                       - Unarmed
rCold   . . .        (no shield)
rNeg    . . .        i - +0 ring mail
rPois   .            (helmet restricted)
rElec   .            (no cloak)
rCorr   .            (no gloves)
SInv    .            (no boots)
Will    .....        (no amulet)
Stlth   +            (no ring)
HPRegen 0.26/turn    (no ring)
MPRegen 0.10/turn

%: no passive effects
@: no status effects
A: horns 2, retaliatory headbutt
a: Renounce Religion


You were on level 4 of the Dungeon.
You worshipped Wu Jian.
Wu Jian was noncommittal.
You visited 1 branch of the dungeon, and saw 4 of its levels.

You collected 87 gold pieces.

Inventory:

Armour
 i - a +0 ring mail (worn)
Scrolls
 a - 3 scrolls of identify {@r1}
 e - a scroll of enchant armour {unknown}
 f - 3 scrolls of teleportation
 h - a scroll of immolation {!r}
 j - a scroll of blinking {unknown}
Potions
 b - 2 potions of magic
 c - a potion of curing {unknown}
 d - a potion of heal wounds {@q2}
 g - a potion of brilliance {unknown}
 k - a potion of might {unknown}


   Skills:
 - Level 2.2 Dodging
 - Level 1.6 Stealth
 + Level 5.6 Unarmed Combat
 - Level 1.4 Spellcasting
 - Level 0.6 Conjurations
 - Level 2.2 Alchemy


You had 5 spell levels left.
You knew the following spells:

 Your Spells              Type           Power      Damage    Failure   Level
a - Sting                 Conj/Alch      16%        1d4       32%         1

Your spell library contained the following spells:

 Spells                   Type           Power      Damage    Failure   Level
 Mercury Vapours          Alch/Air       6%         N/A       50%         2
 Mephitic Cloud           Conj/Alch/Air  3%         N/A       75%         3
 Volatile Blastmotes      Fire/Tloc      0%         2d10      86%         3
 Olgreb's Toxic Radiance  Alch           6%         N/A       93%         4
 Fulminant Prism          Conj/Alch      2%         3d5       97%         4
 Sticky Flame             Fire/Alch      3%         2d4       98%         4
 Iskenderun's Mystic Bla  Conj/Tloc      1%         2d3       99%         4


Dungeon Overview and Level Annotations

Branches:
Dungeon (4/15)
 Temple: D:4-7

Altars:
Cheibriados
Gozag
Trog
Wu Jian
Zin

Shops:
D:2 [

Annotations:
D:1 exclusion: downstairs
D:4 1 runed translucent door, Crazy Yiuf


Innate Abilities, Weirdness & Mutations

You have a pair of horns on your head.
You reflexively headbutt those who attack you in melee.


Message History

You hit the scorpion.
The scorpion is moderately wounded.
The scorpion stings you.
You hit the scorpion.
The scorpion is moderately wounded.
The scorpion stings you.
You are poisoned.
The scorpion poisons you! The scorpion stings you.
You barely miss the scorpion. You headbutt the scorpion!
The scorpion is almost dead.
You feel sick. The scorpion stings you.
You are too injured to fight recklessly!
You hit the scorpion.
The scorpion is almost dead.
You feel sick. The scorpion closely misses you. You furiously retaliate!
You headbutt the scorpion, but do no damage.
You barely miss the scorpion. Your punch misses the scorpion.
The scorpion is almost dead.
You feel sick. The scorpion stings you.
You barely miss the scorpion.
The scorpion is almost dead.
You feel sick. The scorpion stings you.
* * * LOW HITPOINT WARNING * * *
You hit the scorpion but do no damage. Your headbutt misses the scorpion.
The scorpion is almost dead.
You feel sick. The scorpion stings you.
* * * LOW HITPOINT WARNING * * *
You completely miss the scorpion.
The scorpion is almost dead.
You feel sick. The scorpion misses you.
You closely miss the scorpion.
The scorpion is almost dead.
You feel sick. The scorpion barely misses you.
You barely miss the scorpion.
You headbutt the scorpion, but do no damage.
The scorpion is almost dead.
You feel sick.
You are no longer poisoned.
The scorpion stings you.
You die...

#.....# #.....####
#.....'..# #.....##.#
ß.....##.#########+#
..................>####
ß......#.#####........#
#......#.# #........#
.......#.# #..@.....#
.......#.# #...s....#
.... #.# #........#
.... #.# #....»...# #.#
#........# #........#
≣≣ ▓........# †≣
▓▓.......# .≣


You could see a scorpion.

Vanquished Creatures
  A hound (D:3)
  An orc priest (D:4)
  4 gnolls
  2 adders
  A dart slug (D:3)
  A ribbon worm (D:3)
  4 orcs
  6 endoplasms
  4 giant cockroaches
  5 goblins
  5 hobgoblins
  3 kobolds
  5 quokkas
  7 ball pythons
  4 bats
  5 frilled lizards
  7 rats
65 creatures vanquished.

Notes
Turn   | Place    | Note
-------+----------+-------------------------------------------
     0 | D:1      | Kenran the Minotaur Alchemist began the quest for the Orb.
     0 | D:1      | Reached XP level 1. HP: 14/14 MP: 1/1
    97 | D:1      | Reached skill level 1 in Unarmed Combat
   112 | D:1      | Reached XP level 2. HP: 19/20 MP: 3/3
   293 | D:1      | Reached skill level 2 in Unarmed Combat
   446 | D:1      | Found a faded altar of an unknown god.
   768 | D:2      | Reached XP level 3. HP: 25/26 MP: 4/4
   932 | D:2      | Found Ceseihisea's Armour Boutique.
   982 | D:2      | Reached skill level 3 in Unarmed Combat
  1502 | D:3      | Reached skill level 4 in Unarmed Combat
  1502 | D:3      | Reached XP level 4. HP: 29/33 MP: 5/5
  1693 | D:3      | Reached skill level 5 in Unarmed Combat
  1698 | D:3      | Reached XP level 5. HP: 15/38 MP: 6/6
  2336 | D:4      | Found a runed translucent door.
  2337 | D:4      | Noticed Crazy Yiuf
  2361 | D:4      | Found a glowing silver altar of Zin.
  2366 | D:4      | Found an opulent altar of Gozag.
  2366 | D:4      | Found an ornate altar of the Wu Jian Council.
  2375 | D:4      | Found a bloodstained altar of Trog.
  2389 | D:4      | Became a worshipper of the Wu Jian Council
  2402 | D:4      | Found a snail-covered altar of Cheibriados.
  2573 | D:4      | Slain by a scorpion

Illustrated notes

Levels and vault maps discovered:
D:1:      minmay_arrival_radiant_lines, layout_rooms,
          shapermc_ecumenical_altar_venn, minmay_heptomino_d4
D:2:      minmay_skewed_foursquare, layout_rooms, serial_shops,
          nicolae_shop_gibbet_a_chance, small_statue_intersection
D:3:      layout_basic
D:4:      layout_basic, kennysheep_orc_sif_temple,
          nicolae_overflow_hidden_temple, minmay_overflow_temple_star_hex,
          kennysheep_nub, nicolae_tricolors, uniq_crazy_yiuf_cottage

Skill      XL: |  1  2  3  4 |
---------------+-------------+-----
Unarmed Combat | 1 2 4 5 |  5.6
Dodging        | |  2.2
Stealth        | |  1.6
Spellcasting   | |  1.4
Conjurations   | |  0.6
Alchemy        | |  2.2

Action                     |  1- 3 |  4- 6 || total
---------------------------+-------+-------++-------
  Melee: Unarmed           |   115 |    75 ||   190
         Headbutt          |    14 |    10 ||    24
         Punch             |     2 |     1 ||     3
Ability: Lunge             |       |     2 ||     2
    Use: Scroll            |     4 |       ||     4
         Potion            |     1 |     1 ||     2
   Stab: Sleeping          |     2 |       ||     2
 Armour: Leather armour    |    39 |       ||    39
         Ring mail         |    35 |    41 ||    76
  Dodge: Dodged            |    51 |    31 ||    82

Table legend: (Time is in decaauts)
 A = Elapsed time spent in this place.
 B = Non-inter-level travel time spent in this place.
 C = Inter-level travel time spent in this place.
 D = Time resting spent in this place.
 E = Time spent auto-exploring this place.
 F = Levels seen in this place.
 G = Mean time per level.
                   A        B        C        D        E       F      G
               +--------+--------+--------+--------+--------+-----+--------+
         Total |   2564 |   2480 |     84 |    349 |   1481 |   4 |  641.0 |
       Dungeon |   2564 |   2480 |     84 |    349 |   1481 |   4 |  641.0 |
               +--------+--------+--------+--------+--------+-----+--------+

Top non-repeatable levels by time:
     D:3: 853 daAuts
     D:1: 754 daAuts
     D:2: 663 daAuts
     D:4: 292 daAuts
